 Dungeon Crawl Stone Soup version 0.16.0-17-g811c1d7 (webtiles) character file.

622 valak23 the Skirmisher (level 7, -7/55 HPs)
             Began as a Demonspawn Abyssal Knight on Mar 21, 2015.
             Was a High Priest of Lugonu.
             Mangled by an orc warrior
             ... wielding a +0 halberd
              (13 damage)
             ... on level 5 of the Dungeon.
             The game lasted 00:14:10 (3012 turns).

valak23 the Skirmisher (Demonspawn Abyssal Knight)  Turns: 3012, Time: 00:14:10

Health: -7/55      AC:  4    Str: 19    XL:     7   Next: 22%
Magic:  2/2        EV: 12    Int: 13    God:    Lugonu [*****.]
Gold:   136        SH:  3    Dex: 12    Spells: 0 memorised, 6 levels left

rFire  . . .     SeeInvis .     a - +1 hand axe
rCold  + . .     Clarity  .     l - +2 robe "Clunlur" {rN++ MR+ MP-9 Str+4}
rNeg   + + .     SustAb   .     t - +0 buckler
rPois  .         Gourm    .     (no helmet)
rElec  .         Spirit   .     (no cloak)
rCorr  .         Warding  .     (no gloves)
rMut   .         Stasis   .     (no boots)
MR     +....                    k - amulet of faith
Stlth  +.........               e - ring of loudness (curse)
                                d - ring of invisibility

@: somewhat resistant to hostile enchantments, very unstealthy
A: talons 2, cold resistance 1
a: Depart the Abyss, Bend Space, Banish, Corrupt, Enter the Abyss, Renounce
Religion, Evoke Invisibility


You were on level 5 of the Dungeon.
You worshipped Lugonu.
Lugonu was extremely pleased with you.
You were not hungry.

You visited 1 branch of the dungeon, and saw 5 of its levels.
You visited the Abyss 1 time.

You collected 297 gold pieces.
You spent 161 gold pieces at shops.

Inventory:

Hand weapons
 a - a +1 hand axe (weapon)
 p - a +2 flail of crushing
Armour
 b - a +0 leather armour
 g - a +0 scale mail
 l - the +2 robe "Clunlur" (worn) {rN++ MR+ MP-9 Str+4}
   (You found it on level 5 of the Dungeon)

   It affects your strength (+4).
   It greatly protects you from negative energy.
   It affects your resistance to hostile enchantments.
   It affects your magic capacity (-9).
 q - the +6 leather armour of Schakeit {Regen+}
   (You bought it in a shop on level 4 of the Dungeon)

   It increases your rate of regeneration.
 t - a +0 buckler (worn)
Jewellery
 d - a ring of invisibility (left hand)
 e - a cursed ring of loudness (right hand)
 h - a cursed ring of wizardry
 k - an amulet of faith (around neck)
Scrolls
 m - 4 scrolls of identify
 s - a scroll of teleportation {unknown}
 u - a scroll of amnesia {unknown}
 v - a scroll of immolation {unknown}
Potions
 c - 2 potions of ambrosia {unknown}
 f - a potion of resistance {unknown}
 i - 2 potions of cure mutation {unknown}
 j - 2 potions of might {unknown}
 n - 2 potions of curing {unknown}


   Skills:
 + Level 4.4 Fighting
 + Level 4.0 Axes
 + Level 3.4 Armour
 + Level 3.6 Dodging
 + Level 1.0 Stealth
 + Level 0.5 Shields
 + Level 3.4 Invocations


You had 6 spell levels left.
You didn't know any spells.

Dungeon Overview and Level Annotations

Branches:
Dungeon (5/15)
 Temple: D:4-7

Altars:
Cheibriados
Kikubaaqudgha

Shops:
D:4 *


Innate Abilities, Weirdness & Mutations

You have razor-sharp toenails.
Your flesh is cold resistant.


Message History

You are too injured to fight recklessly!
You are too injured to fight recklessly!
You are too injured to fight recklessly!
You hit the orc warrior but do no damage.
The orc warrior is almost dead.
You block the orc warrior's attack.
You hit the orc warrior.
You claw the orc warrior, but do no damage.
The orc warrior is almost dead.
You block the orc warrior's attack.
You barely miss the orc warrior.
The orc warrior is almost dead.
The orc warrior barely misses you.
You barely miss the orc warrior. Your kick misses the orc warrior.
The orc warrior is almost dead.
The orc warrior barely misses you.
You closely miss the orc warrior.
The orc warrior is almost dead.
The orc warrior hits you with a halberd!
You die...

#..# #..# #...##
....#####..# ##.# #..##
#..........## #..##.##
#.......#...### #....####
#..#####.....###........
. ##...........).... .
##...............##
.....##.)...####.##.....#
........@.### ##.........
.......o### #........#.
......# #.....##..##
...... #.....##....#
..... #......#...... ....
............. ..
............ .
............ ...........


You could see an orc warrior.

Vanquished Creatures
  2 phantoms (D:5)
  A crimson imp (D:4)
  A hound (D:5)
  A jelly (D:5)
  An orc wizard (D:4)
  Natasha (D:5)
  A worker ant (D:4)
  Ijyb (D:2)
  6 adders
  3 giant mites
  A giant gecko (D:1)
  An ooze (D:1)
  8 orcs
  A ball python (D:2)
  6 giant cockroaches
  15 goblins
  7 hobgoblins
  9 kobolds
  A quokka (D:3)
  8 bats
  6 giant newts
  11 jackals
  9 rats
101 creatures vanquished.

Vanquished Creatures (others)
  An ogre (D:5)
  4 starspawn tentacles (Abyss:1)
  39 starspawn tentacle segments (Abyss:1)
44 creatures vanquished.

Grand Total: 145 creatures vanquished

Notes
Turn   | Place    | Note
--------------------------------------------------------------
     0 | Abyss:1  | valak23, the Demonspawn Abyssal Knight, began the quest for the Orb.
     0 | Abyss:1  | Reached XP level 1. HP: 18/18 MP: 1/1
   106 | Abyss:1  | Noticed a tentacled starspawn
   113 | Abyss:1  | Noticed a small abomination
   172 | Abyss:1  | Noticed a small abomination
   174 | D:1      | Escaped the Abyss
   247 | D:1      | Gained mutation: Your flesh is cold resistant. [demonic ancestry]
   247 | D:1      | Reached XP level 2. HP: 17/24 MP: 2/2
   308 | D:1      | Acquired Lugonu's first power
   324 | D:1      | Reached skill level 1 in Dodging
   812 | D:1      | Reached XP level 3. HP: 20/29 MP: 4/4
  1284 | D:2      | Noticed Ijyb
  1296 | D:2      | Killed Ijyb
  1377 | D:2      | Gained mutation: You have sharp toenails. [demonic ancestry]
  1377 | D:2      | Reached XP level 4. HP: 33/37 MP: 6/6
  1380 | D:2      | Acquired Lugonu's second power
  1783 | D:3      | Acquired Lugonu's third power
  1945 | D:3      | Found a snail-covered altar of Cheibriados.
  2028 | D:3      | Found an ancient bone altar of Kikubaaqudgha.
  2162 | D:4      | Reached XP level 5. HP: 42/42 MP: 8/8
  2170 | D:4      | Acquired Lugonu's fourth power
  2179 | D:4      | Found Klatojip's Assorted Antiques.
  2205 | D:4      | Bought a distressingly furry leather armour for 161 gold pieces
  2215 | D:4      | Identified the +6 leather armour of Schakeit {Regen+} (You bought it in a shop on level 4 of the Dungeon)
  2398 | D:4      | Reached XP level 6. HP: 48/48 MP: 9/9
  2573 | D:5      | Entered Level 5 of the Dungeon
  2709 | D:5      | Acquired Lugonu's fifth power
  2709 | D:5      | Reached skill level 4 in Fighting
  2792 | D:5      | Noticed Natasha
  2799 | D:5      | Reached skill level 1 in Stealth
  2799 | D:5      | Gained mutation: You have razor-sharp toenails. [demonic ancestry]
  2799 | D:5      | Reached XP level 7. HP: 15/54 MP: 11/11
  2800 | D:5      | Killed Natasha
  2815 | D:5      | Got a slimy robe
  2816 | D:5      | Identified the +2 robe "Clunlur" {rN++ MR+ MP-9 Str+4} (You found it on level 5 of the Dungeon)
  3012 | D:5      | Mangled by an orc warrior

Action                   |  1- 3 |  4- 6 |  7- 9 || total
-------------------------+-------+-------+-------++-------
Melee: Hand axe          |    71 |   216 |    23 ||   310
Invok: Depart the Abyss  |     1 |       |       ||     1
       Banish            |       |       |     1 ||     1
  Use: Scroll            |     2 |     2 |     1 ||     5
  Eat: Bread ration      |     1 |     1 |       ||     2
       Fruit             |       |       |     1 ||     1
       Beef jerky        |       |       |     1 ||     1
